 Dungeon Crawl Stone Soup version 0.28-a0-2-g643f2454ad (webtiles) character file.

Game seed: 17277752785857696534

64 Spectrina the Sneak (level 4, -4/35 HPs)
             Began as a Djinni Delver on July 22, 2021.
             Splashed by a jelly's acid (5 damage)
             ... on level 4 of the Dungeon.
             The game lasted 00:02:40 (240 turns).

Spectrina the Sneak (Djinni Delver)                  Turns: 240, Time: 00:02:41

Health: -4/35      AC:  3    Str: 11    XL:     4   Next: 32%
Gold:   16         EV: 12    Int: 12    God:
                   SH:  0    Dex: 15

rFire   + + .      SeeInvis .   d - +0 quarterstaff (spect)
rCold   x . .      Faith    .   (shield currently unavailable)
rNeg    . . .      Spirit   .   a - +0 leather armour
rPois   ∞          Reflect  .   (no helmet)
rElec   .          Harm     .   (no cloak)
rCorr   .          Rampage  .   (no gloves)
Will    .....                   (boots unavailable)
Stlth   ++........              (no amulet)
HPRegen 0.11/turn               (no ring)
MPRegen 0.00/turn               (no ring)

@: flying
A: sickness immunity, fire resistance 2, cold vulnerability 1, float, innate
caster, hp casting, extra vitality 1
a: no special abilities


You were on level 4 of the Dungeon.
You visited 1 branch of the dungeon, and saw 3 of its levels.

You collected 16 gold pieces.

Inventory:

Hand Weapons
 d - a +0 spectral quarterstaff (weapon)
Missiles
 h - 30 arrows
 i - 24 stones (quivered)
Armour
 a - a +0 leather armour (worn)
Wands
 f - a wand of digging (3)
Scrolls
 b - a scroll of fog
 c - a scroll of magic mapping
 g - 2 scrolls of immolation {unknown}
 j - a scroll of identify {unknown}
Potions
 e - a potion of haste


   Skills:
 - Level 3.0 Fighting
 - Level 2.1 Dodging
 - Level 4.1 Stealth
 - Level 2.0 Unarmed Combat
 * Level 2.6 Spellcasting


You had 7 spell levels left.
You knew the following spells:

 Your Spells              Type           Power      Damage    Failure   Level
a - Sting                 Tmut/Pois      32%        1d4       11%         1
Your spell library was empty.

Dungeon Overview and Level Annotations

Branches:
Dungeon (6/15)
 Temple: D:4-7

Altars:


Innate Abilities, Weirdness & Mutations

You are immune to sickness and miasma.
You are immune to poison.
Your flesh is very heat resistant. (rF++)
You are vulnerable to cold. (rC-)
You float through the air rather than walking.
You learn spells naturally, not from books.
Your magical power is your life essence.
You have superior vitality. (+4 HP)


Message History

Your spectral +0 spectral quarterstaff barely misses the hound.
The hound bites you. x2
You hit the hound.
The hound is severely wounded.
Your spectral +0 spectral quarterstaff hits the hound!
You kill the hound!
You have reached level 4!
You feel agile.
You swap places.
j - a scroll labelled OMNIMIAPNY You see here a hound corpse.
Casting: Sting (safe; 11% risk of failure)
Confirm with . or Enter, or press ? or * to list all spells.
You can't see any susceptible monsters within range! (Use Z to cast anyway.)
The jelly quivers.
There is a stone staircase leading down here.
There is an open door here.
You reach down and close the door.
You hear a distant slurping noise.
The door mysteriously vanishes.
You reach down and open the door.
Casting: Sting (safe; 11% risk of failure)
Confirm with . or Enter, or press ? or * to list all spells.
Aiming: Sting (safe; 11% risk of failure)
Press: ? - help, Shift-Dir - straight line, f - jelly
Aim: a jelly (100% to hit)
The sting hits the jelly.
The jelly partially resists.
The jelly is poisoned.
The jelly is lightly wounded.
You hit the jelly.
Your hands burn!
* * * LOW HITPOINT WARNING * * *
The jelly is lightly wounded.
Your spectral +0 spectral quarterstaff hits the jelly!
Your spectral +0 spectral quarterstaff is burned by acid!
The jelly hits you.
* * * LOW HITPOINT WARNING * * *
You are splashed with acid!
* * * LOW HITPOINT WARNING * * *
Unknown command.
You sock the jelly!
Your hands burn!
You die...

###### ###########
#..... #.........#
#..... #.........#
#..... #.........#
#..... #...#######
#..... #...#.....#
#..... #...'.....#
#..... #.(@#.....#
#..... #..J#.....#
#..... #...#.....#
#.....
#...#.....#####.....
#...#...............
#...#...............
###.##...............
#......J.............
#....................


You could see a jelly (poisoned) and a friendly spectral +0 spectral
quarterstaff (summoned).

Vanquished Creatures
  A hound (D:4)
  An orc priest (D:4)
  An endoplasm (D:4)
  A hobgoblin (D:4)
  A quokka (D:4)
5 creatures vanquished.

Notes
Turn   | Place    | Note
-------+----------+-------------------------------------------
     0 | D:5      | Spectrina the Djinni Delver began the quest for the Orb.
     0 | D:5      | Reached XP level 1. HP: 20/20 MP: 0/0
    25 | D:5      | Noticed a hound
    38 | D:5      | Noticed an iguana
    46 | D:5      | Noticed a centaur
    51 | D:4      | Noticed a hound
    54 | D:4      | Noticed a jelly
   176 | D:4      | Noticed an orc priest
   190 | D:4      | Killed an orc priest
   191 | D:4      | Reached XP level 2. HP: 15/25 MP: 0/0
   191 | D:4      | Reached XP level 3. HP: 18/30 MP: 0/0
   191 | D:4      | Learned a level 1 spell: Sting
   205 | D:4      | Reached XP level 4. HP: 13/35 MP: 0/0
   239 | D:4      | HP: 1/35 [acid (9)]
   240 | D:4      | Splashed by a jelly's acid

Illustrated notes

Levels and vault maps discovered:
D:4:      layout_gridville, corexii_shack, corexii_checkpoint_a
D:5:      layout_rooms, uniq_edmund
D:6:      layout_loops_cross, minmay_temple_entry_nine_rooms, minivault_14

Skill      XL: |  1 |
---------------+----+-----
Spellcasting   | 2 |  2.6
Fighting       | |  3.0
Dodging        | |  2.1
Stealth        | |  4.1
Unarmed Combat | |  2.0

Action                   |  1- 3 |  4- 6 || total
-------------------------+-------+-------++-------
Melee: Quarterstaff      |     9 |     2 ||    11
 Cast: Sting             |     2 |     1 ||     3
  Use: Scroll            |     1 |       ||     1
Armor: Leather armour    |     1 |       ||     1
Dodge: Dodged            |     4 |       ||     4

Table legend: (Time is in decaauts)
 A = Elapsed time spent in this place.
 B = Non-inter-level travel time spent in this place.
 C = Inter-level travel time spent in this place.
 D = Time resting spent in this place.
 E = Time spent auto-exploring this place.
 F = Levels seen in this place.
 G = Mean time per level.
                   A        B        C        D        E       F      G
               +--------+--------+--------+--------+--------+-----+--------+
         Total |    242 |    242 |      0 |      0 |      0 |   3 |   80.7 |
       Dungeon |    242 |    242 |      0 |      0 |      0 |   3 |   80.7 |
               +--------+--------+--------+--------+--------+-----+--------+

Top non-repeatable levels by time:
     D:4: 191 daAuts
     D:5: 49 daAuts
     D:6: 1 daAuts
